[ AOE2 MATCH · #474871238 ]
Team RMFranks vs Cumans
[ REPLAY ANALYSIS · EXTRACTED FROM THE RECORDED GAME ]
Feudal
10:11
Castle
16:04
Imperial
—
| APM avg | 25.1 |
| APM peak | 61 |
| eAPM avg | 9.5 |
| Villagers / military | 39 / 21 |
Focus
⚔️ 13.1% · 🌾 86.9%
Knight ×16 · Scout Cavalry ×5
Feudal
10:01
Castle
29:36
Imperial
—
| APM avg | 54.2 |
| APM peak | 127 |
| eAPM avg | 26.1 |
| Villagers / military | 83 / 166 |
Focus
⚔️ 28.8% · 🌾 71.2%
Archer ×166
Feudal
11:21
Castle
17:37
Imperial
—
| APM avg | 17.0 |
| APM peak | 44 |
| eAPM avg | 8.5 |
| Villagers / military | 66 / 7 |
Focus
⚔️ 16.0% · 🌾 84.0%
Knight ×7
Feudal
11:15
Castle
14:50
Imperial
—
| APM avg | 22.1 |
| APM peak | 46 |
| eAPM avg | 12.9 |
| Villagers / military | 68 / 19 |
Focus
⚔️ 29.4% · 🌾 70.6%
Militia ×15 · Spearman ×4
Feudal
12:28
Castle
18:03
Imperial
—
| APM avg | 18.4 |
| APM peak | 43 |
| eAPM avg | 12.1 |
| Villagers / military | 68 / 25 |
Focus
⚔️ 24.0% · 🌾 76.0%
Genoese Crossbowman ×15 · Skirmisher ×5 · Mangonel ×4 · Spearman ×1
Feudal
—
Castle
—
Imperial
—
| APM avg | 33.6 |
| APM peak | 96 |
| eAPM avg | 13.8 |
| Villagers / military | 74 / 38 |
Focus
⚔️ 14.4% · 🌾 85.6%
Scout Cavalry ×38
Feudal
11:34
Castle
—
Imperial
—
| APM avg | 13.2 |
| APM peak | 26 |
| eAPM avg | 7.9 |
| Villagers / military | 42 / 20 |
Focus
⚔️ 11.6% · 🌾 88.4%
Battering Ram ×20
Feudal
13:13
Castle
—
Imperial
—
| APM avg | 5.9 |
| APM peak | 16 |
| eAPM avg | 5.2 |
| Villagers / military | 37 / 4 |
Focus
⚔️ 12.3% · 🌾 87.7%
Spearman ×4
Match map
Initial resources + every placement click. Lines = walls · curves = elevation contours. ◆ gold · ⬟ stone · ● berries · ✦ relic · ◌ wall gap
Your base· ✓ Closed at 16:04 · 0t walls · 3 gate(s)
Steklowata's base· ✓ Closed at 29:36 · 0t walls · 2 gate(s)
FinnMaccool's base· ✓ Closed at 17:37 · 15t walls · 4 gate(s)
Frivolous Ferret's base· ✓ Closed at 14:50 · 0t walls · 2 gate(s)
JewelerMaster's base· ✓ Closed at 18:03 · 0t walls · 2 gate(s)
Zalypuch's base· ✓ Closed at 30:01 · 0t walls · 3 gate(s)
stan68's base· ✓ Closed at 12:00 · 0t walls · 3 gate(s)
karaokur's base· ✓ Closed at 26:26 · 0t walls · 2 gate(s)
Smoothed initial terrain · ◌ = detected wall gap · hover for details
Inputs per minute
— Shaci - - Steklowata
Build order — Shaci
104 actions detected in the replay
| 0:01 | Create | Villager (Male) |
| 0:02 | Create | Villager (Male) |
| 0:02 | Create | Villager (Male) |
| 0:04 | Build | House |
| 0:09 | Build | House |
| 0:57 | Create | Villager (Male) |
| 1:29 | Create | Villager (Male) |
| 2:07 | Create | Villager (Male) |
| 2:36 | Create | Villager (Male) |
| 3:07 | Create | Villager (Male) |
| 3:08 | Create | Villager (Male) |
| 3:10 | Build | Mill |
| 3:21 | Create | Villager (Male) |
| 3:58 | Create | Villager (Male) |
| 4:05 | Build | House |
| 4:15 | Build | Lumber Camp |
| 4:27 | Create | Villager (Male) |
| 4:37 | Create | Villager (Male) |
| 5:08 | Create | Villager (Male) |
| 5:16 | Create | Villager (Male) |
| 5:38 | Create | Villager (Male) |
| 6:02 | Create | Villager (Male) |
| 6:02 | Create | Villager (Male) |
| 6:08 | Build | House |
| 6:17 | Research | Loom |
| 7:03 | Build | Mining Camp |
| 8:01 | Research | Feudal Age |
| 10:11 | Age | Feudal Age |
| 10:20 | Research | Double-Bit Axe |
| 10:27 | Create | Villager (Male) |
| 10:30 | Create | Villager (Male) |
| 10:30 | Create | Villager (Male) |
| 11:00 | Build | Mill |
| 11:26 | Build | Barracks |
| 11:42 | Build | Blacksmith |
| 12:34 | Build | Stable |
| 13:24 | Research | Castle Age |
| 13:40 | Build | House |
| 13:41 | Build | House |
| 13:42 | Build | House |
| 15:23 | Build | House |
| 15:24 | Build | House |
| 15:25 | Build | House |
| 15:41 | Research | Wheelbarrow |
| 15:42 | Create | Villager (Male) |
| 15:42 | Create | Villager (Male) |
| 15:46 | Build | Farm |
| 15:47 | Build | Farm |
| 15:48 | Build | Farm |
| 15:50 | Build | Farm |
| 15:51 | Build | Farm |
| 15:53 | Build | Farm |
| 16:04 | Age | Castle Age |
| 16:13 | Research | Bow Saw |
| 16:13 | Research | Bow Saw |
| 16:16 | Build | Town Center |
| 16:32 | Build | Farm |
| 16:36 | Build | Farm |
| 17:07 | Build | Farm |
| 17:13 | Create | Villager (Male) |
| 17:22 | Build | Farm |
| 17:35 | Create | Knight |
| 17:45 | Create | Villager (Male) |
| 17:51 | Build | Farm |
| 18:00 | Build | Farm |
| 18:01 | Build | Farm |
| 18:07 | Create | Villager (Male) |
| 18:23 | Create | Knight |
| 18:24 | Create | Knight |
| 18:58 | Build | Farm |
| 18:59 | Build | Farm |
| 19:04 | Create | Knight |
| 19:15 | Build | Farm |
| 19:15 | Build | Farm |
| 19:32 | Build | Stable |
| 19:37 | Create | Knight |
| 20:08 | Create | Villager (Male) ×5 |
| 20:09 | Create | Villager (Male) |
| 20:36 | Create | Villager (Male) |
| 20:38 | Create | Villager (Male) |
| 20:38 | Create | Villager (Male) |
| 20:38 | Create | Villager (Male) |
| 21:32 | Create | Knight ×2 |
| 21:32 | Create | Knight ×2 |
| 21:59 | Research | Gold Mining |
| 22:03 | Research | Hand Cart |
| 22:14 | Create | Villager (Male) |
| 22:14 | Create | Villager (Male) |
| 22:14 | Create | Villager (Male) |
| 22:36 | Build | Siege Workshop |
| 22:49 | Create | Knight |
| 22:49 | Create | Knight |
| 22:49 | Create | Knight |
| 22:49 | Create | Knight |
| 23:26 | Build | Market |
| 23:38 | Create | Knight |
| 23:38 | Create | Knight |
| 23:39 | Create | Knight |
| 24:40 | Create | Scout Cavalry |
| 24:40 | Create | Scout Cavalry |
| 24:40 | Create | Scout Cavalry |
| 25:45 | Create | Scout Cavalry |
| 25:45 | Create | Scout Cavalry |
| 27:39 | Build | Lumber Camp |
Build order — Steklowata
First 150 of 209 actions detected
| 0:03 | Create | Villager (Male) ×4 |
| 0:03 | Create | Villager (Male) ×4 |
| 0:04 | Build | House |
| 0:06 | Build | House |
| 1:41 | Create | Villager (Male) |
| 1:42 | Create | Villager (Male) |
| 1:42 | Create | Villager (Male) |
| 1:49 | Build | Lumber Camp |
| 2:04 | Create | Villager (Male) |
| 2:04 | Create | Villager (Male) |
| 2:48 | Create | Villager (Male) |
| 2:48 | Create | Villager (Male) |
| 2:48 | Create | Villager (Male) |
| 3:11 | Create | Villager (Male) |
| 3:11 | Create | Villager (Male) |
| 3:48 | Build | House |
| 3:57 | Create | Villager (Male) |
| 4:13 | Build | Mill |
| 4:24 | Create | Villager (Male) |
| 4:25 | Create | Villager (Male) |
| 4:34 | Create | Villager (Male) |
| 4:34 | Create | Villager (Male) |
| 5:46 | Create | Villager (Male) |
| 5:46 | Create | Villager (Male) |
| 5:48 | Create | Villager (Male) |
| 5:48 | Create | Villager (Male) |
| 5:53 | Build | House |
| 5:54 | Build | House |
| 5:54 | Build | House |
| 6:02 | Create | Villager (Male) |
| 6:03 | Create | Villager (Male) |
| 6:40 | Build | House |
| 6:57 | Create | Villager (Male) |
| 6:57 | Create | Villager (Male) |
| 7:05 | Build | House |
| 7:47 | Research | Feudal Age |
| 7:47 | Create | Villager (Male) |
| 7:55 | Build | Barracks |
| 8:59 | Build | Mining Camp |
| 9:35 | Create | Villager (Male) |
| 9:36 | Create | Villager (Male) |
| 10:01 | Age | Feudal Age |
| 10:03 | Build | Archery Range |
| 10:14 | Build | Archery Range |
| 10:46 | Create | Villager (Male) |
| 10:47 | Create | Villager (Male) |
| 10:52 | Research | Double-Bit Axe |
| 11:07 | Research | Gold Mining |
| 11:11 | Create | Villager (Male) |
| 11:11 | Create | Villager (Male) |
| 12:06 | Create | Villager (Male) |
| 12:20 | Build | Farm |
| 12:23 | Build | Farm |
| 12:32 | Create | Villager (Male) |
| 12:38 | Build | Farm |
| 12:50 | Build | Farm |
| 12:55 | Build | Farm |
| 13:55 | Build | Archery Range |
| 14:06 | Build | Blacksmith |
| 14:09 | Build | Market |
| 14:14 | Build | House |
| 14:15 | Build | House |
| 14:16 | Build | House |
| 14:17 | Build | House |
| 14:19 | Build | House |
| 14:20 | Build | House |
| 14:33 | Create | Villager (Male) |
| 14:33 | Create | Villager (Male) |
| 14:34 | Create | Villager (Male) |
| 14:34 | Create | Villager (Male) |
| 14:34 | Create | Villager (Male) |
| 14:55 | Research | Fletching |
| 15:14 | Create | Archer |
| 15:14 | Create | Archer |
| 15:14 | Create | Archer |
| 15:26 | Build | Archery Range |
| 15:46 | Create | Villager (Male) |
| 15:47 | Create | Villager (Male) |
| 15:49 | Build | House |
| 15:58 | Create | Archer |
| 15:58 | Create | Archer |
| 15:58 | Create | Archer |
| 15:58 | Create | Archer |
| 16:27 | Build | Archery Range |
| 16:30 | Build | House |
| 16:31 | Build | House |
| 16:31 | Build | House |
| 16:33 | Create | Archer |
| 16:33 | Create | Archer |
| 17:01 | Create | Archer |
| 17:01 | Create | Archer |
| 17:01 | Create | Archer |
| 17:01 | Create | Archer |
| 17:03 | Create | Villager (Male) |
| 17:04 | Create | Villager (Male) |
| 17:35 | Build | Town Center |
| 17:37 | Build | House |
| 17:39 | Build | House |
| 17:39 | Build | House |
| 17:39 | Build | House |
| 17:41 | Create | Archer |
| 17:41 | Create | Archer |
| 17:41 | Create | Archer |
| 17:41 | Create | Archer |
| 17:41 | Create | Archer |
| 17:41 | Create | Archer |
| 18:25 | Create | Archer ×4 |
| 18:25 | Create | Archer ×4 |
| 18:25 | Create | Archer ×4 |
| 18:25 | Create | Archer ×4 |
| 18:26 | Create | Archer ×4 |
| 18:26 | Create | Archer ×4 |
| 18:30 | Research | Padded Archer Armor |
| 18:32 | Create | Villager (Male) |
| 18:32 | Create | Villager (Male) |
| 18:32 | Create | Villager (Male) |
| 18:32 | Create | Villager (Male) |
| 18:33 | Create | Villager (Male) |
| 18:33 | Create | Villager (Male) |
| 18:33 | Create | Villager (Male) |
| 19:25 | Create | Archer |
| 19:25 | Create | Archer |
| 19:25 | Create | Archer |
| 19:25 | Create | Archer |
| 20:13 | Create | Archer ×5 |
| 20:14 | Create | Archer ×5 |
| 20:14 | Create | Archer ×5 |
| 20:21 | Create | Villager (Male) |
| 20:21 | Create | Villager (Male) |
| 20:21 | Create | Villager (Male) |
| 21:14 | Build | Farm |
| 21:15 | Build | Farm |
| 21:15 | Create | Villager (Male) ×5 |
| 22:05 | Create | Archer ×5 |
| 22:05 | Create | Archer ×5 |
| 22:05 | Create | Archer ×5 |
| 22:05 | Create | Archer ×5 |
| 22:06 | Create | Villager (Male) ×5 |
| 22:22 | Build | Farm |
| 22:28 | Build | Lumber Camp |
| 22:44 | Build | House |
| 22:45 | Build | House |
| 22:46 | Build | House |
| 22:46 | Build | House |
| 22:46 | Build | House |
| 22:46 | Build | House |
| 22:47 | Build | House |
| 22:47 | Build | House |
| 22:47 | Build | House |
| 22:49 | Research | Town Watch |
Build order — FinnMaccool
150 actions detected in the replay
| 0:02 | Create | Villager (Male) |
| 0:02 | Create | Villager (Male) |
| 0:03 | Create | Villager (Male) |
| 0:03 | Create | Villager (Male) |
| 0:05 | Build | House |
| 0:52 | Build | House |
| 0:54 | Build | House |
| 0:56 | Build | House |
| 1:39 | Build | Lumber Camp |
| 1:42 | Create | Villager (Male) |
| 2:08 | Create | Villager (Male) |
| 2:42 | Create | Villager (Male) |
| 3:03 | Create | Villager (Male) |
| 3:11 | Create | Villager (Male) |
| 3:38 | Create | Villager (Male) |
| 4:31 | Create | Villager (Male) |
| 4:31 | Create | Villager (Male) |
| 5:26 | Create | Villager (Male) |
| 5:27 | Create | Villager (Male) |
| 5:58 | Create | Villager (Male) |
| 5:58 | Create | Villager (Male) |
| 5:58 | Create | Villager (Male) |
| 6:19 | Create | Villager (Male) |
| 6:20 | Create | Villager (Male) |
| 6:49 | Create | Villager (Male) |
| 7:12 | Build | Mining Camp |
| 7:37 | Create | Villager (Male) |
| 7:37 | Create | Villager (Male) |
| 8:02 | Create | Villager (Male) |
| 8:02 | Create | Villager (Male) |
| 8:50 | Research | Feudal Age |
| 8:57 | Build | Mining Camp |
| 9:17 | Research | Double-Bit Axe |
| 9:37 | Build | Mill |
| 10:34 | Build | Farm |
| 10:51 | Build | Barracks |
| 11:21 | Age | Feudal Age |
| 11:38 | Build | Stone Wall |
| 11:48 | Research | Bow Saw |
| 12:11 | Build | House |
| 12:27 | Build | Gate |
| 12:42 | Create | Villager (Male) |
| 13:02 | Build | Stone Wall |
| 13:20 | Build | Market |
| 13:45 | Build | Blacksmith |
| 14:26 | Create | Villager (Male) |
| 14:57 | Research | Castle Age |
| 15:02 | Research | Horse Collar |
| 15:47 | Build | House |
| 15:49 | Build | House |
| 15:50 | Build | House |
| 15:53 | Build | House |
| 15:54 | Build | House |
| 15:55 | Build | House |
| 16:16 | Research | Loom |
| 16:25 | Research | Gold Mining |
| 16:30 | Research | Heavy Plow |
| 17:06 | Build | Farm |
| 17:11 | Build | Farm |
| 17:16 | Build | Farm |
| 17:18 | Build | Farm |
| 17:20 | Build | Farm |
| 17:21 | Build | Farm |
| 17:22 | Build | Farm |
| 17:37 | Age | Castle Age |
| 17:45 | Build | Town Center |
| 17:57 | Create | Villager (Male) |
| 17:58 | Create | Villager (Male) |
| 18:03 | Build | Lumber Camp |
| 18:46 | Create | Villager (Male) |
| 18:46 | Create | Villager (Male) |
| 18:47 | Create | Villager (Male) |
| 19:18 | Build | Farm |
| 19:39 | Build | Farm |
| 19:42 | Create | Villager (Male) |
| 19:44 | Create | Villager (Male) |
| 20:06 | Build | Stable |
| 20:11 | Build | Stable |
| 20:19 | Build | Stable |
| 20:25 | Build | Farm |
| 20:28 | Create | Villager (Male) |
| 20:32 | Create | Villager (Male) |
| 20:36 | Research | Wheelbarrow |
| 20:59 | Create | Villager (Male) |
| 21:09 | Create | Villager (Male) |
| 21:20 | Create | Villager (Male) |
| 21:41 | Build | Farm |
| 21:44 | Build | Farm |
| 21:51 | Research | Husbandry |
| 22:06 | Create | Villager (Male) |
| 22:07 | Create | Villager (Male) |
| 22:18 | Build | Stable |
| 22:31 | Create | Villager (Male) |
| 22:33 | Create | Villager (Male) |
| 22:39 | Build | Town Center |
| 22:43 | Create | Villager (Male) |
| 23:18 | Research | Cavalier (upgrade) |
| 23:25 | Build | House |
| 23:26 | Build | House |
| 23:28 | Build | House |
| 23:30 | Build | House |
| 23:33 | Create | Knight |
| 23:34 | Create | Knight |
| 23:41 | Create | Villager (Male) |
| 24:07 | Build | Castle |
| 24:12 | Create | Knight |
| 24:13 | Create | Knight |
| 24:13 | Create | Knight |
| 24:18 | Create | Villager (Male) |
| 24:29 | Build | Farm |
| 24:29 | Build | Farm |
| 24:30 | Build | Farm |
| 24:31 | Build | Farm |
| 24:48 | Create | Knight |
| 24:49 | Create | Knight |
| 25:11 | Create | Villager (Male) |
| 25:12 | Create | Villager (Male) |
| 25:14 | Create | Villager (Male) |
| 25:18 | Build | Farm |
| 25:23 | Create | Villager (Male) |
| 25:37 | Build | Archery Range |
| 25:39 | Build | Archery Range |
| 25:41 | Build | Archery Range |
| 26:31 | Create | Villager (Male) |
| 26:31 | Create | Villager (Male) |
| 26:32 | Create | Villager (Male) |
| 26:32 | Create | Villager (Male) |
| 26:33 | Create | Villager (Male) |
| 26:33 | Create | Villager (Male) |
| 26:33 | Create | Villager (Male) |
| 26:34 | Create | Villager (Male) |
| 26:37 | Build | Farm |
| 27:16 | Build | Farm |
| 27:22 | Build | Farm |
| 27:23 | Build | Farm |
| 27:23 | Build | Farm |
| 27:23 | Build | Farm |
| 27:24 | Build | Farm |
| 27:24 | Build | Farm |
| 27:24 | Build | Farm |
| 27:26 | Create | Villager (Male) |
| 27:27 | Create | Villager (Male) |
| 27:28 | Create | Villager (Male) |
| 27:29 | Create | Villager (Male) |
| 27:30 | Create | Villager (Male) |
| 27:30 | Create | Villager (Male) |
| 27:34 | Create | Villager (Male) |
| 27:37 | Create | Villager (Male) |
| 27:38 | Create | Villager (Male) |
| 28:12 | Build | Farm |
Build order — Frivolous Ferret
First 150 of 157 actions detected
| 0:01 | Create | Villager (Male) ×4 |
| 0:03 | Build | House |
| 0:05 | Build | House |
| 1:33 | Create | Villager (Male) |
| 1:33 | Create | Villager (Male) |
| 1:55 | Create | Villager (Male) |
| 1:55 | Create | Villager (Male) |
| 2:17 | Build | Lumber Camp |
| 2:24 | Create | Villager (Male) |
| 3:11 | Create | Villager (Male) |
| 3:12 | Create | Villager (Male) |
| 3:15 | Create | Villager (Male) |
| 4:03 | Create | Villager (Male) |
| 4:39 | Create | Villager (Male) |
| 4:39 | Create | Villager (Male) |
| 4:40 | Create | Villager (Male) |
| 4:57 | Build | House |
| 5:00 | Build | House |
| 5:25 | Create | Villager (Male) |
| 5:25 | Create | Villager (Male) |
| 6:30 | Build | Mill |
| 6:52 | Create | Villager (Male) |
| 6:53 | Create | Villager (Male) |
| 6:53 | Create | Villager (Male) |
| 6:53 | Create | Villager (Male) |
| 8:42 | Build | Mining Camp |
| 8:56 | Research | Feudal Age |
| 9:22 | Build | Farm |
| 9:25 | Build | Farm |
| 9:29 | Build | Farm |
| 9:32 | Build | Farm |
| 10:06 | Build | Farm |
| 10:08 | Build | House |
| 10:11 | Build | House |
| 10:14 | Build | House |
| 10:48 | Create | Villager (Male) |
| 10:48 | Create | Villager (Male) |
| 10:49 | Research | Loom |
| 11:15 | Age | Feudal Age |
| 11:20 | Build | Market |
| 11:24 | Build | Blacksmith |
| 12:10 | Research | Castle Age |
| 12:41 | Build | Barracks |
| 13:41 | Build | Farm |
| 13:44 | Build | Farm |
| 13:46 | Build | Farm |
| 14:08 | Research | Double-Bit Axe |
| 14:16 | Research | Horse Collar |
| 14:35 | Research | Loom |
| 14:41 | Create | Villager (Male) |
| 14:41 | Create | Villager (Male) |
| 14:41 | Create | Villager (Male) |
| 14:48 | Create | Villager (Male) |
| 14:50 | Age | Castle Age |
| 14:53 | Build | Farm |
| 14:55 | Build | Farm |
| 15:14 | Research | Man-at-Arms (upgrade) |
| 15:49 | Research | Long Swordsman (upgrade) |
| 15:51 | Research | Squires |
| 15:54 | Build | Barracks |
| 15:58 | Research | Forging |
| 16:10 | Research | Bow Saw |
| 16:23 | Research | Forging |
| 16:28 | Build | Farm |
| 17:09 | Create | Militia |
| 17:09 | Create | Militia |
| 17:10 | Create | Militia |
| 17:10 | Create | Militia |
| 17:18 | Create | Militia |
| 17:18 | Create | Militia |
| 17:26 | Build | Farm |
| 17:41 | Build | Mill |
| 17:42 | Build | Farm |
| 17:42 | Build | Farm |
| 17:42 | Build | Farm |
| 17:43 | Build | Farm |
| 17:46 | Build | Farm |
| 17:47 | Build | Farm |
| 17:48 | Build | Farm |
| 17:49 | Build | Farm |
| 17:49 | Build | Farm |
| 17:50 | Build | Farm |
| 17:57 | Create | Militia |
| 17:57 | Create | Militia |
| 18:05 | Create | Militia |
| 18:05 | Create | Militia |
| 18:07 | Create | Militia |
| 18:26 | Create | Militia |
| 18:26 | Create | Militia |
| 18:27 | Create | Militia |
| 18:28 | Create | Militia |
| 18:37 | Build | House |
| 18:38 | Build | House |
| 18:43 | Build | House |
| 18:44 | Build | House |
| 18:49 | Build | House |
| 19:07 | Research | Scale Barding Armor |
| 19:10 | Research | Scale Mail Armor |
| 19:11 | Create | Villager (Male) |
| 19:12 | Create | Villager (Male) |
| 20:13 | Create | Villager (Male) |
| 20:13 | Create | Villager (Male) |
| 20:13 | Create | Villager (Male) |
| 20:14 | Create | Villager (Male) |
| 21:15 | Create | Spearman |
| 21:15 | Create | Spearman |
| 21:15 | Create | Spearman |
| 21:15 | Create | Spearman |
| 21:22 | Create | Villager (Male) |
| 21:22 | Create | Villager (Male) |
| 21:26 | Build | House |
| 21:27 | Build | House |
| 22:14 | Build | Barracks |
| 22:20 | Build | Farm |
| 22:21 | Build | Farm |
| 22:21 | Build | Farm |
| 22:21 | Build | Farm |
| 22:29 | Create | Villager (Male) |
| 22:29 | Create | Villager (Male) |
| 22:29 | Create | Villager (Male) |
| 22:30 | Create | Villager (Male) |
| 22:41 | Build | Mining Camp |
| 23:15 | Research | Heavy Plow |
| 24:10 | Create | Villager (Male) |
| 24:11 | Create | Villager (Male) |
| 24:11 | Create | Villager (Male) |
| 24:50 | Create | Villager (Male) |
| 24:50 | Create | Villager (Male) |
| 24:59 | Build | Farm |
| 25:50 | Create | Villager (Male) |
| 25:50 | Create | Villager (Male) |
| 25:51 | Create | Villager (Male) |
| 25:51 | Create | Villager (Male) |
| 26:05 | Research | Loom |
| 26:06 | Create | Villager (Male) |
| 26:06 | Create | Villager (Male) |
| 26:06 | Create | Villager (Male) |
| 26:07 | Create | Villager (Male) |
| 26:07 | Create | Villager (Male) |
| 26:38 | Create | Villager (Male) |
| 26:39 | Create | Villager (Male) |
| 26:48 | Build | Town Center |
| 28:19 | Create | Villager (Male) |
| 28:19 | Create | Villager (Male) |
| 28:19 | Create | Villager (Male) |
| 28:20 | Create | Villager (Male) |
| 28:20 | Create | Villager (Male) |
| 28:20 | Create | Villager (Male) |
| 29:23 | Build | Castle |
| 30:01 | Build | Barracks |
Build order — JewelerMaster
First 150 of 166 actions detected
| 0:01 | Create | Villager (Male) |
| 0:02 | Create | Villager (Male) |
| 0:03 | Build | House |
| 0:13 | Build | House |
| 0:24 | Create | Villager (Male) |
| 0:25 | Create | Villager (Male) |
| 1:59 | Create | Villager (Male) |
| 2:06 | Create | Villager (Male) |
| 2:33 | Build | House |
| 2:34 | Build | House |
| 2:58 | Build | Mill |
| 3:10 | Create | Villager (Male) |
| 3:11 | Create | Villager (Male) |
| 3:11 | Create | Villager (Male) |
| 3:14 | Create | Villager (Male) |
| 4:16 | Build | Lumber Camp |
| 4:18 | Create | Villager (Male) |
| 4:18 | Create | Villager (Male) |
| 5:10 | Create | Villager (Male) |
| 5:10 | Create | Villager (Male) |
| 5:32 | Create | Villager (Male) |
| 5:54 | Create | Villager (Male) |
| 5:54 | Create | Villager (Male) |
| 5:56 | Create | Villager (Male) |
| 6:14 | Build | Lumber Camp |
| 6:40 | Create | Villager (Male) |
| 6:57 | Build | Mill |
| 6:59 | Create | Villager (Male) |
| 6:59 | Create | Villager (Male) |
| 7:37 | Create | Villager (Male) |
| 8:15 | Create | Villager (Male) |
| 8:17 | Create | Villager (Male) |
| 8:26 | Build | Farm |
| 8:57 | Create | Villager (Male) |
| 8:57 | Create | Villager (Male) |
| 9:15 | Create | Villager (Male) |
| 9:15 | Create | Villager (Male) |
| 9:30 | Build | House |
| 9:33 | Build | House |
| 10:05 | Research | Feudal Age |
| 10:19 | Create | Villager (Male) |
| 10:28 | Create | Villager (Male) |
| 10:38 | Build | Farm |
| 10:39 | Build | Farm |
| 10:40 | Build | Farm |
| 10:54 | Build | Mining Camp |
| 11:02 | Create | Villager (Male) |
| 11:03 | Create | Villager (Male) |
| 11:21 | Create | Villager (Male) |
| 11:51 | Build | Barracks |
| 12:01 | Build | Barracks |
| 12:17 | Build | Farm |
| 12:28 | Age | Feudal Age |
| 12:31 | Create | Villager (Male) |
| 12:31 | Create | Villager (Male) |
| 12:34 | Research | Double-Bit Axe |
| 12:35 | Research | Horse Collar |
| 13:00 | Build | Archery Range |
| 13:30 | Build | Blacksmith |
| 13:31 | Create | Villager (Male) |
| 13:46 | Build | Farm |
| 13:47 | Build | Farm |
| 14:05 | Research | Wheelbarrow |
| 14:37 | Build | Lumber Camp |
| 14:46 | Build | Mining Camp |
| 14:56 | Create | Villager (Male) |
| 15:01 | Research | Castle Age |
| 15:19 | Research | Stone Mining |
| 15:46 | Research | Fletching |
| 15:47 | Research | Padded Archer Armor |
| 15:58 | Create | Spearman |
| 16:23 | Create | Villager (Male) |
| 17:01 | Create | Villager (Male) |
| 17:01 | Create | Villager (Male) |
| 17:12 | Research | Gold Mining |
| 17:32 | Create | Villager (Male) |
| 17:33 | Create | Villager (Male) |
| 17:59 | Build | Farm |
| 18:03 | Age | Castle Age |
| 18:07 | Create | Villager (Male) |
| 18:33 | Create | Villager (Male) |
| 18:50 | Build | University |
| 18:55 | Build | Market |
| 18:57 | Create | Villager (Male) |
| 19:02 | Create | Villager (Male) |
| 19:18 | Research | Bow Saw |
| 19:54 | Build | Castle |
| 20:03 | Create | Villager (Male) |
| 20:11 | Research | Hand Cart |
| 20:18 | Build | House |
| 20:19 | Build | House |
| 20:20 | Build | House |
| 20:22 | Build | House |
| 20:28 | Build | House |
| 20:29 | Build | House |
| 20:30 | Build | House |
| 20:31 | Build | House |
| 20:33 | Build | House |
| 20:34 | Build | House |
| 20:35 | Build | House |
| 20:36 | Build | House |
| 20:38 | Build | House |
| 20:39 | Build | House |
| 20:40 | Build | House |
| 20:42 | Create | Villager (Male) |
| 20:52 | Create | Villager (Male) |
| 21:01 | Build | Farm |
| 21:08 | Create | Villager (Male) |
| 21:08 | Create | Villager (Male) |
| 21:23 | Build | Town Center |
| 21:35 | Research | Treadmill Crane |
| 21:38 | Create | Villager (Male) |
| 22:06 | Create | Villager (Male) |
| 22:06 | Create | Villager (Male) |
| 22:07 | Research | Loom |
| 22:26 | Build | Farm |
| 22:27 | Build | Farm |
| 22:51 | Research | Heavy Plow |
| 22:57 | Build | Farm |
| 23:00 | Build | Farm |
| 23:07 | Build | Farm |
| 23:27 | Build | Farm |
| 23:31 | Build | Farm |
| 23:35 | Create | Villager (Male) |
| 23:37 | Create | Villager (Male) |
| 23:37 | Create | Villager (Male) |
| 23:39 | Create | Villager (Male) |
| 23:54 | Build | Mining Camp |
| 23:56 | Create | Genoese Crossbowman |
| 23:57 | Create | Genoese Crossbowman |
| 23:57 | Create | Genoese Crossbowman |
| 23:57 | Create | Genoese Crossbowman |
| 24:06 | Create | Genoese Crossbowman |
| 24:06 | Create | Genoese Crossbowman |
| 24:18 | Create | Villager (Male) |
| 24:19 | Create | Villager (Male) |
| 24:19 | Create | Villager (Male) |
| 24:58 | Create | Villager (Male) |
| 24:59 | Create | Villager (Male) |
| 25:07 | Research | Bodkin Arrow |
| 25:12 | Create | Genoese Crossbowman |
| 25:13 | Create | Genoese Crossbowman |
| 25:16 | Create | Genoese Crossbowman |
| 25:22 | Create | Villager (Male) |
| 25:22 | Create | Villager (Male) |
| 25:39 | Create | Genoese Crossbowman |
| 25:39 | Create | Genoese Crossbowman |
| 25:44 | Create | Genoese Crossbowman |
| 25:44 | Create | Genoese Crossbowman |
| 25:52 | Research | Elite Skirmisher (upgrade) |
Build order — Zalypuch
149 actions detected in the replay
| 0:03 | Build | House |
| 0:04 | Build | House |
| 0:05 | Create | Villager (Male) |
| 0:06 | Create | Villager (Male) |
| 0:06 | Create | Villager (Male) |
| 0:06 | Create | Villager (Male) |
| 0:06 | Create | Villager (Male) |
| 1:31 | Create | Villager (Male) |
| 2:11 | Create | Villager (Male) |
| 2:11 | Create | Villager (Male) |
| 2:39 | Research | Loom |
| 2:40 | Create | Villager (Male) |
| 2:43 | Build | Lumber Camp |
| 3:25 | Create | Villager (Male) |
| 3:25 | Create | Villager (Male) |
| 3:25 | Create | Villager (Male) |
| 4:18 | Build | House |
| 4:19 | Build | House |
| 4:43 | Create | Villager (Male) |
| 4:48 | Create | Villager (Male) |
| 4:48 | Create | Villager (Male) |
| 4:51 | Create | Villager (Male) |
| 4:53 | Create | Villager (Male) |
| 5:09 | Create | Villager (Male) |
| 5:16 | Build | House |
| 7:32 | Create | Villager (Male) |
| 7:32 | Create | Villager (Male) |
| 7:43 | Build | Mining Camp |
| 8:12 | Build | Barracks |
| 9:04 | Build | Mill |
| 9:13 | Create | Villager (Male) |
| 9:29 | Research | Feudal Age |
| 9:44 | Build | Mill |
| 10:38 | Create | Villager (Male) |
| 11:26 | Build | House |
| 11:27 | Build | House |
| 11:49 | Research | Double-Bit Axe |
| 11:50 | Research | Horse Collar |
| 11:54 | Create | Villager (Male) |
| 11:59 | Build | Town Center |
| 12:11 | Create | Villager (Male) |
| 12:20 | Build | Stable |
| 12:44 | Create | Villager (Male) |
| 12:45 | Create | Villager (Male) |
| 13:25 | Build | Stable |
| 14:18 | Create | Villager (Male) |
| 14:21 | Create | Villager (Male) |
| 14:22 | Create | Villager (Male) |
| 14:22 | Create | Villager (Male) |
| 14:23 | Create | Villager (Male) |
| 14:24 | Create | Villager (Male) |
| 14:24 | Create | Villager (Male) |
| 14:26 | Create | Villager (Male) |
| 14:26 | Create | Villager (Male) |
| 14:37 | Build | Stable |
| 14:49 | Build | House |
| 15:41 | Build | Lumber Camp |
| 15:49 | Create | Villager (Male) |
| 15:49 | Create | Villager (Male) |
| 15:59 | Create | Villager (Male) |
| 16:00 | Create | Villager (Male) |
| 16:00 | Create | Villager (Male) |
| 16:05 | Build | House |
| 16:21 | Build | Market |
| 16:40 | Create | Scout Cavalry ×2 |
| 17:26 | Create | Scout Cavalry |
| 17:26 | Create | Scout Cavalry |
| 17:41 | Create | Scout Cavalry ×3 |
| 18:26 | Build | Farm |
| 18:26 | Build | Farm |
| 18:26 | Build | Farm |
| 18:26 | Build | Farm |
| 18:26 | Build | Farm |
| 18:27 | Build | Farm |
| 18:27 | Build | Farm |
| 18:27 | Build | Farm |
| 18:27 | Build | Farm |
| 18:27 | Build | Farm |
| 18:28 | Build | Farm |
| 18:28 | Build | Farm |
| 18:28 | Build | Farm |
| 18:28 | Build | Farm |
| 18:28 | Build | Farm |
| 18:30 | Create | Villager (Male) ×3 |
| 18:34 | Build | House |
| 18:35 | Build | House |
| 20:00 | Create | Villager (Male) ×2 |
| 20:00 | Create | Villager (Male) ×2 |
| 20:15 | Build | Farm |
| 20:16 | Build | Farm |
| 20:16 | Build | Farm |
| 20:16 | Build | Farm |
| 20:16 | Build | Farm |
| 20:16 | Build | Farm |
| 20:17 | Build | Farm |
| 20:17 | Build | Farm |
| 20:21 | Build | Farm |
| 20:21 | Build | Farm |
| 20:21 | Build | Farm |
| 20:22 | Build | Farm |
| 20:22 | Build | Farm |
| 20:22 | Build | Farm |
| 21:02 | Create | Scout Cavalry ×2 |
| 21:03 | Create | Scout Cavalry ×2 |
| 21:22 | Build | Farm |
| 21:24 | Build | Farm |
| 21:38 | Build | Blacksmith |
| 22:11 | Create | Scout Cavalry ×5 |
| 22:25 | Research | Scale Barding Armor |
| 22:29 | Create | Villager (Male) |
| 22:35 | Create | Villager (Male) |
| 22:58 | Build | House |
| 23:00 | Build | House |
| 23:00 | Build | House |
| 23:01 | Build | House |
| 23:01 | Build | House |
| 23:02 | Build | House |
| 23:05 | Create | Villager (Male) ×5 |
| 23:11 | Build | Farm |
| 23:12 | Build | Farm |
| 23:26 | Create | Scout Cavalry ×2 |
| 24:43 | Create | Villager (Male) ×5 |
| 24:45 | Research | Wheelbarrow |
| 24:46 | Create | Villager (Male) ×5 |
| 25:03 | Create | Scout Cavalry ×2 |
| 25:04 | Create | Scout Cavalry |
| 26:08 | Build | Mill |
| 26:09 | Build | Farm |
| 26:09 | Build | Farm |
| 26:10 | Build | Farm |
| 26:10 | Build | Farm |
| 26:10 | Build | Farm |
| 26:13 | Create | Villager (Male) ×5 |
| 26:16 | Build | Farm |
| 26:32 | Create | Scout Cavalry ×5 |
| 28:02 | Build | Farm |
| 28:16 | Research | Bloodlines |
| 28:17 | Create | Scout Cavalry ×5 |
| 28:17 | Create | Scout Cavalry ×5 |
| 28:18 | Create | Scout Cavalry ×2 |
| 28:27 | Build | House |
| 28:28 | Build | House |
| 28:29 | Build | House |
| 28:30 | Build | House |
| 28:30 | Build | House |
| 28:31 | Build | House |
| 28:51 | Research | Forging |
| 30:01 | Research | Castle Age |
| 30:04 | Create | Villager (Male) ×5 |
Build order — stan68
82 actions detected in the replay
| 0:09 | Build | House |
| 0:12 | Build | House |
| 0:22 | Create | Villager (Male) |
| 0:22 | Create | Villager (Male) |
| 0:22 | Create | Villager (Male) |
| 0:45 | Create | Villager (Male) |
| 0:45 | Create | Villager (Male) |
| 2:19 | Create | Villager (Male) |
| 2:19 | Create | Villager (Male) |
| 2:33 | Build | Mill |
| 3:26 | Create | Villager (Male) |
| 3:27 | Create | Villager (Male) |
| 3:28 | Create | Villager (Male) |
| 4:06 | Create | Villager (Male) |
| 4:27 | Build | House |
| 4:48 | Create | Villager (Male) |
| 4:57 | Build | House |
| 5:05 | Create | Villager (Male) |
| 5:58 | Create | Villager (Male) |
| 5:59 | Create | Villager (Male) |
| 5:59 | Create | Villager (Male) |
| 7:17 | Build | Lumber Camp |
| 7:19 | Create | Villager (Male) |
| 7:20 | Create | Villager (Male) |
| 7:20 | Create | Villager (Male) |
| 7:21 | Create | Villager (Male) |
| 7:22 | Create | Villager (Male) |
| 9:04 | Build | House |
| 9:19 | Research | Feudal Age |
| 9:29 | Create | Villager (Male) |
| 9:30 | Create | Villager (Male) |
| 9:50 | Build | Mining Camp |
| 10:07 | Build | Farm |
| 10:11 | Build | Farm |
| 10:15 | Build | Farm |
| 10:49 | Build | Farm |
| 11:16 | Create | Villager (Male) |
| 11:34 | Age | Feudal Age |
| 11:43 | Research | Horse Collar |
| 11:57 | Create | Villager (Male) |
| 12:09 | Research | Double-Bit Axe |
| 12:21 | Create | Villager (Male) |
| 12:49 | Build | Farm |
| 13:15 | Build | Farm |
| 14:16 | Build | Barracks |
| 14:25 | Create | Villager (Male) |
| 14:25 | Create | Villager (Male) |
| 14:25 | Create | Villager (Male) |
| 14:26 | Create | Villager (Male) |
| 14:55 | Build | Blacksmith |
| 15:07 | Create | Villager (Male) |
| 15:17 | Build | House |
| 15:29 | Build | Siege Workshop |
| 16:00 | Create | Battering Ram |
| 16:11 | Build | Lumber Camp |
| 16:28 | Create | Villager (Male) ×5 |
| 16:36 | Build | House |
| 16:39 | Build | House |
| 16:41 | Build | House |
| 16:43 | Build | House |
| 17:31 | Create | Battering Ram |
| 17:49 | Create | Battering Ram |
| 18:06 | Create | Villager (Male) |
| 18:07 | Create | Villager (Male) |
| 18:45 | Build | Siege Workshop |
| 19:29 | Create | Battering Ram ×2 |
| 19:45 | Create | Villager (Male) |
| 19:45 | Create | Villager (Male) |
| 19:45 | Create | Villager (Male) |
| 19:46 | Create | Villager (Male) |
| 20:33 | Create | Battering Ram |
| 21:45 | Create | Battering Ram ×3 |
| 23:21 | Create | Battering Ram ×3 |
| 24:11 | Create | Battering Ram ×2 |
| 26:07 | Create | Battering Ram ×5 |
| 26:43 | Create | Battering Ram |
| 27:03 | Build | House |
| 27:05 | Build | House |
| 27:06 | Build | House |
| 27:07 | Build | House |
| 27:08 | Build | House |
| 27:10 | Build | House |
Build order — karaokur
91 actions detected in the replay
| 0:10 | Create | Villager (Male) |
| 0:11 | Research | Loom |
| 0:12 | Create | Villager (Male) ×4 |
| 0:22 | Build | House |
| 0:23 | Build | House |
| 0:24 | Build | House |
| 1:07 | Build | House |
| 1:09 | Build | House |
| 1:10 | Build | House |
| 1:12 | Build | House |
| 1:14 | Build | House |
| 1:15 | Build | House |
| 1:16 | Build | House |
| 1:18 | Build | House |
| 1:57 | Create | Villager (Male) |
| 2:32 | Create | Villager (Male) |
| 2:58 | Create | Villager (Male) |
| 3:26 | Create | Villager (Male) |
| 3:50 | Create | Villager (Male) |
| 4:33 | Create | Villager (Male) |
| 4:33 | Create | Villager (Male) |
| 4:34 | Create | Villager (Male) |
| 5:01 | Create | Villager (Male) |
| 5:01 | Create | Villager (Male) |
| 5:27 | Create | Villager (Male) |
| 5:27 | Create | Villager (Male) |
| 6:30 | Create | Villager (Male) |
| 6:31 | Create | Villager (Male) |
| 6:31 | Create | Villager (Male) |
| 6:31 | Create | Villager (Male) |
| 7:02 | Create | Villager (Male) |
| 8:19 | Create | Villager (Male) |
| 8:19 | Create | Villager (Male) |
| 8:22 | Create | Villager (Male) |
| 8:31 | Create | Villager (Male) |
| 9:16 | Build | Lumber Camp |
| 9:29 | Build | Mill |
| 10:21 | Build | Mining Camp |
| 11:00 | Research | Feudal Age |
| 11:42 | Create | Villager (Male) |
| 11:42 | Create | Villager (Male) |
| 12:04 | Build | Farm |
| 12:06 | Build | Farm |
| 12:08 | Build | Farm |
| 12:22 | Create | Villager (Male) |
| 12:23 | Create | Villager (Male) |
| 13:02 | Create | Villager (Male) |
| 13:13 | Age | Feudal Age |
| 13:21 | Research | Horse Collar |
| 13:47 | Build | Mining Camp |
| 14:14 | Build | Farm |
| 14:18 | Build | Farm |
| 14:23 | Build | Farm |
| 14:26 | Build | Farm |
| 14:34 | Research | Double-Bit Axe |
| 14:45 | Research | Wheelbarrow |
| 15:40 | Build | Mill |
| 15:46 | Build | Farm |
| 15:47 | Build | Farm |
| 15:49 | Build | Farm |
| 15:50 | Build | Farm |
| 15:52 | Build | Farm |
| 15:54 | Build | Farm |
| 15:56 | Build | Farm |
| 15:58 | Build | Farm |
| 16:05 | Create | Villager (Male) |
| 16:06 | Create | Villager (Male) |
| 16:06 | Create | Villager (Male) |
| 16:06 | Create | Villager (Male) |
| 16:19 | Build | Mill |
| 16:24 | Build | Farm |
| 16:25 | Build | Farm |
| 16:27 | Build | Farm |
| 16:28 | Build | Farm |
| 16:30 | Build | Farm |
| 16:52 | Build | Market |
| 16:57 | Build | Blacksmith |
| 17:24 | Create | Villager (Male) |
| 17:25 | Create | Villager (Male) |
| 17:54 | Build | Barracks |
| 17:55 | Build | Barracks |
| 17:56 | Build | Barracks |
| 18:44 | Create | Spearman ×4 |
| 22:49 | Build | Lumber Camp |
| 24:21 | Build | Town Center |
| 26:26 | Research | Castle Age |
| 26:41 | Build | Farm |
| 26:42 | Build | Farm |
| 26:44 | Build | Farm |
| 27:09 | Build | Farm |
| 27:35 | Build | Farm |
Match timeline
| 7:55 | Steklowata · first_building Barracks |
| 8:12 | Zalypuch · first_building Barracks |
| 10:01 | Steklowata · age_up feudal |
| 10:03 | Steklowata · first_building Archery Range |
| 10:11 | Shaci · age_up feudal |
| 10:51 | FinnMaccool · first_building Barracks |
| 11:15 | Frivolous Ferret · age_up feudal |
| 11:21 | FinnMaccool · age_up feudal |
| 11:26 | Shaci · first_building Barracks |
| 11:34 | stan68 · age_up feudal |
| 11:38 | FinnMaccool · wall_segment Stone Wall x12 |
| 11:51 | JewelerMaster · first_building Barracks |
| 12:20 | Zalypuch · first_building Stable |
| 12:28 | JewelerMaster · age_up feudal |
| 12:34 | Shaci · first_building Stable |
| 12:41 | Frivolous Ferret · first_building Barracks |
| 13:00 | JewelerMaster · first_building Archery Range |
| 13:02 | FinnMaccool · wall_segment Stone Wall x3 |
| 13:13 | karaokur · age_up feudal |
| 14:16 | stan68 · first_building Barracks |
| 14:50 | Frivolous Ferret · age_up castle |
| 15:29 | stan68 · first_building Siege Workshop |
| 16:04 | Shaci · age_up castle |
| 17:36 | Zalypuch · first_market_sell 100 stone |
| 17:37 | FinnMaccool · age_up castle |
| 17:38 | Zalypuch · first_market_buy 100 food |
| 17:54 | karaokur · first_building Barracks |
| 18:03 | JewelerMaster · age_up castle |
| 19:54 | JewelerMaster · first_building Castle |
| 20:06 | FinnMaccool · first_building Stable |
| 22:36 | Shaci · first_building Siege Workshop |
| 23:09 | Frivolous Ferret · first_market_sell 100 food |
| 23:10 | Frivolous Ferret · first_market_buy 100 wood |
| 24:07 | FinnMaccool · first_building Castle |
| 25:17 | Steklowata · first_market_sell 100 wood |
| 25:24 | Steklowata · first_market_buy 100 food |
| 25:37 | FinnMaccool · first_building Archery Range |
| 27:04 | JewelerMaster · first_building Siege Workshop |
| 28:19 | Shaci · resign |
| 29:23 | Frivolous Ferret · first_building Castle |
| 29:36 | Steklowata · age_up castle |
[ AI ANALYSIS · 1 CREDIT ]
What really happened in this match?
Wolo.gg analyzes every decision: build order, eco, micro, common mistakes by bracket. Personalized analysis on WhatsApp or Discord in 30 seconds.
Civ guide
Franks
Map guide
Arena
Perfil
Shaci